 Dungeon Crawl Stone Soup version 0.28.0-45-g0d030f2227 (webtiles) character file.

Game seed: 15162107980179149964

24 pkoi the Ruffian (level 2, -2/25 HPs)
             Began as a Demigod Fighter on Apr 22, 2022.
             Slain by Terence
             ... wielding a +0 flail
              (9 damage)
             ... on level 2 of the Dungeon.
             The game lasted 00:00:55 (1682 turns).

pkoi the Ruffian (Demigod Fighter)                  Turns: 1682, Time: 00:00:56

Health: -2/25      AC:  6    Str: 17    XL:     2   Next: 60%
Magic:  4/4        EV:  8    Int: 10    God:
Gold:   61         SH:  4    Dex: 13    Spells: 1/1 levels left

rFire   . . .      SeeInvis .     - Unarmed
rCold   . . .      Faith    .   b - +0 buckler
rNeg    . . .      Spirit   .   a - +0 scale mail
rPois   .          Reflect  .   (no helmet)
rElec   .          Harm     .   (no cloak)
rCorr   .          Rampage  .   (no gloves)
Will    .....                   (no boots)
Stlth   ..........              (no amulet)
HPRegen 0.08/turn               (no ring)
MPRegen 0.09/turn               (no ring)

@: no status effects
A: high MP 1, forlorn, divine attributes
a: no special abilities


You were on level 2 of the Dungeon.
You visited 1 branch of the dungeon, and saw 2 of its levels.

You collected 61 gold pieces.

Inventory:

Armour
 a - a +0 scale mail (worn)
 b - a +0 buckler (worn)
Potions
 c - a potion of might
 d - a potion of cancellation {unknown}
 e - a potion of haste {unknown}
 f - a potion of attraction {unknown}


   Skills:
 - Level 2.6 Fighting
 - Level 2.6 Armour
 - Level 2.6 Shields
 + Level 3.1 Unarmed Combat


You had one spell level left.
You didn't know any spells.
Your spell library contained the following spells:

 Spells                   Type           Power      Damage    Failure   Level
 Beastly Appendage        Tmut           0%         N/A       86%         1
 Sublimation of Blood     Necr           0%         N/A       95%         2
 Wereblood                Tmut           0%         N/A       95%         2
 Spider Form              Tmut/Pois      0%         N/A       99%         3
 Summon Hydra             Summ           0%         N/A       100%        7


Dungeon Overview and Level Annotations

Branches:
Dungeon (2/15)

Annotations:
D:2 Terence


Innate Abilities, Weirdness & Mutations

You have an increased reservoir of magic. (+10% MP)
You shall have no god before yourself.
Your divine heritage dramatically boosts your attributes as you level up.


Message History

The bat barely misses you. The bat hits you but does no damage.
You miss the bat.
The bat is moderately wounded.
The bat closely misses you. The bat hits you but does no damage.
You hit the bat.
You kill the bat!
The ball python barely misses you. The ball python grabs you.
The ball python constricts you.
Your Unarmed Combat skill increases to level 3!
You closely miss the ball python.
The ball python bites you but does no damage.
The ball python constricts you.
You hit the ball python.
You kill the ball python!
You hit the kobold but do no damage. The kobold hits you but does no damage.
You closely miss the kobold. You block the kobold's attack.
You hit the kobold but do no damage.
The kobold hits you with a +0 short sword.
You closely miss the kobold.
The kobold hits you with a +0 short sword.
* * * LOW HITPOINT WARNING * * *
You closely miss the kobold. The kobold misses you.
You hit the kobold but do no damage. The kobold barely misses you.
You closely miss the kobold.
The kobold hits you with a +0 short sword.
* * * LOW HITPOINT WARNING * * *
You barely miss the kobold.
The kobold hits you with a +0 short sword.
* * * LOW HITPOINT WARNING * * *
You hit the kobold.
You kill the kobold!
You hit Terence but do no damage. Terence hits you with a +0 flail.
* * * LOW HITPOINT WARNING * * *
You hit Terence.
Terence is lightly wounded.
You block Terence's attack.
You closely miss Terence.
Terence is lightly wounded.
Terence hits you with a +0 flail!
You die...

#######'##########
#.# #.# #># #.#
#.# ##### #.#
#.... #@#
#####.##. #@#
######.....)#. #.#
#..>.....####.
#.###.####.### #.
#.....# #.# #.
##########.######.
#.............
#.####.######.
###.# #......#.
#...#########.#.


You could see Terence.

Vanquished Creatures
  A bat (D:2)
  4 endoplasms
  3 goblins
  2 hobgoblins (D:1)
  A quokka (D:1)
  2 ball pythons
  2 frilled lizards (D:1)
  3 kobolds
  3 rats
21 creatures vanquished.

Notes
Turn   | Place    | Note
-------+----------+-------------------------------------------
     0 | D:1      | pkoi the Demigod Fighter began the quest for the Orb.
     0 | D:1      | Reached XP level 1. HP: 18/18 MP: 3/3
   180 | D:1      | Reached skill level 2 in Unarmed Combat
   711 | D:1      | Reached XP level 2. HP: 23/25 MP: 4/4
  1639 | D:2      | Noticed Terence
  1669 | D:2      | Reached skill level 3 in Unarmed Combat
  1682 | D:2      | Slain by Terence

Illustrated notes

Levels and vault maps discovered:
D:1:      dpeg_arrival_rhombus, layout_basic, hellmonk_ecumenical_altar_blasted
D:2:      layout_basic, minmay_misc_feat_doors, kennysheep_nondescript,
          uniq_terence

Skill      XL: |  1  2 |
---------------+-------+-----
Unarmed Combat | 2 3 |  3.1
Fighting       | |  2.6
Armour         | |  2.6
Shields        | |  2.6

Action                   || total
-------------------------++-------
Melee: Unarmed           ||   101
Armor: Scale mail        ||    54
Dodge: Dodged            ||    40
Block: Buckler           ||    20
